 Dungeon Crawl Stone Soup version 0.29-a0-360-g8ed1089bbe (webtiles) character file.

Game seed: 5589020133701421601

88498 freelancePsychic the Martial Artist (level 15, -15/122 HPs)
             Began as a Demonspawn Transmuter on Apr 28, 2022.
             Was the Champion of Dithmenos.
             Demolished by an efreet
             ... wielding a +4 scimitar of flaming
              (24 damage)
             ... on level 15 of the Dungeon.
             The game lasted 01:02:00 (34286 turns).

freelancePsychic the Martial Artist (DsTm)         Turns: 34286, Time: 01:02:01

Health: -15/122    AC: 10    Str: 18    XL:     15   Next: 46%
Magic:  22/22      EV: 23    Int: 22    God:    Dithmenos [******]
Gold:   1526       SH:  0    Dex: 17    Spells: 0/20 levels left

rFire   + . .      SeeInvis .     - Unarmed
rCold   + . .      Faith    .   (no shield)
rNeg    + . .      Spirit   .   E - +2 robe {rN+}
rPois   .          Reflect  .   T - +0 helmet
rElec   +          Harm     .   s - +1 cloak
rCorr   +          Rampage  .   (no gloves)
Will    +....                   (no boots)
Stlth   +++++++++.              Y - amulet of Qevy {RegenMP Int+2 Dex+3}
HPRegen 0.30/turn               S - ring of Ozewamp {*Slow rElec rC++ EV+4 Stlth+}
MPRegen 0.58/turn               p - ring of Nukhlydyc {Fire rCorr Str+6}

@: wereblooded, wreathed by umbra
A: foul stench 2, icemail 1, sharp scales 3, condensation shield, weakness
stinger 2
a: Renounce Religion, Shadow Step, Shadow Form


You were on level 15 of the Dungeon.
You worshipped Dithmenos.
Dithmenos was exalted by your worship.
You visited 2 branches of the dungeon, and saw 21 of its levels.
You also visited: Gauntlet and Volcano.

You collected 1617 gold pieces.
You spent 91 gold pieces at shops.

Inventory:

Hand Weapons
 a - the +9 dagger "Nael" {vorpal, Int+4 Dex+2}
   (You found it on level 3 of the Dungeon)

   It inflicts extra damage upon your enemies.
   Int:       It affects your intelligence (+4).
   Dex:       It affects your dexterity (+2).
 i - a +0 short sword of speed
 I - a +2 quick blade of flaming
Missiles
 J - a throwing net
Armour
 s - a +1 cloak (worn)
 D - the +5 fire dragon scales of Muttered Phrases {+Inv rElec rF++ rC- Dex+5}
   (You took it off an orc on level 5 of the Dungeon)

   Dex:       It affects your dexterity (+5).
   rF:        It greatly protects you from fire.
   rC:        It makes you vulnerable to cold.
   rElec:     It insulates you from electricity.
   +Inv:      It lets you turn invisible.
 E - a +2 robe of positive energy (worn)
 T - a +0 helmet (worn)
Jewellery
 n - a ring of protection from cold
 p - the ring of Nukhlydyc (right hand) {Fire rCorr Str+6}
   (You found it on level 4 of the Lair of Beasts)

   [ring of fire]

   It enhances your fire magic.
   Str:       It affects your strength (+6).
   rF:        It protects you from fire.
   rC:        It makes you vulnerable to cold.
   rCorr:     It protects you from acid and corrosion.
 r - a +4 ring of evasion
 v - a ring of wizardry
 z - a ring of willpower
 G - a ring of resist corrosion
 L - a +4 ring of protection
 Q - a ring of protection from cold
 S - the ring of Ozewamp (left hand) {*Slow rElec rC++ EV+4 Stlth+}
   (You acquired it on level 4 of the Lair of Beasts)

   [ring of evasion]

   EV:        It affects your evasion (+4).
   rC:        It greatly protects you from cold.
   rElec:     It insulates you from electricity.
   *Slow:     It may slow you when you take damage.
   Stlth:     It makes you more stealthy.
 Y - the amulet of Qevy (around neck) {RegenMP Int+2 Dex+3}
   (You found it on level 6 of the Lair of Beasts)

   [amulet of magic regeneration]

   It increases your rate of magic regeneration.
   Int:       It affects your intelligence (+2).
   Dex:       It affects your dexterity (+3).
 Z - a ring of poison resistance
Wands
 l - a wand of acid (23)
 q - a wand of iceblast (26)
 t - a wand of digging (5)
 P - a wand of paralysis (11)
 U - a wand of polymorph (5)
 W - a wand of flame (19)
Scrolls
 b - a scroll of fog
 e - 5 scrolls of amnesia
 f - 4 scrolls of immolation
 g - 6 scrolls of teleportation {@r4}
 j - a scroll of enchant weapon
 x - 5 scrolls of enchant armour
 y - 5 scrolls of magic mapping
 B - 2 scrolls of silence
 C - 5 scrolls of blinking
 K - 2 scrolls of fear
 M - a scroll of torment
 V - a scroll of brand weapon
Potions
 c - 3 potions of brilliance
 d - 13 potions of curing {@q1}
 h - a potion of berserk rage
 k - a potion of resistance
 m - 4 potions of attraction
 o - 4 potions of haste {@q3}
 u - 6 potions of ambrosia
 w - 6 potions of invisibility
 A - 2 potions of cancellation
 F - a potion of mutation
 H - a potion of might
 N - 2 potions of magic
 O - 4 potions of flight
 R - a potion of heal wounds {@q2}
 X - 3 potions of lignification


   Skills:
 - Level 12.4 Fighting
 - Level 2.7 Armour
 - Level 11.2 Dodging
 - Level 8.2 Stealth
 - Level 14.6 Unarmed Combat
 - Level 3.0 Spellcasting
 * Level 7.0 Transmutations
 - Level 5.5 Ice Magic
 * Level 4.1 Air Magic
 - Level 2.9 Poison Magic
 - Level 10.0 Invocations


You couldn't memorise any spells.
You knew the following spells:

 Your Spells              Type           Power      Damage    Failure   Level
a - Wereblood             Tmut           34%        N/A       1%          2
b - Spider Form           Tmut/Pois      25%        N/A       4%          3
c - Frozen Ramparts       Ice            54%        1d7       3%          3
d - Ice Form              Ice/Tmut       31%        N/A       10%         4
e - Beastly Appendage     Tmut           68%        N/A       1%          1
f - Storm Form            Tmut/Air       13%        N/A       100%        7

Your spell library contained the following spells:

 Spells                   Type           Power      Damage    Failure   Level
 Passwall                 Tmut/Erth      15%        N/A       4%          2
 Ensorcelled Hibernation  Hex/Ice        30%        N/A       6%          2
 Swiftness                Air            21%        N/A       7%          3
 Static Discharge         Conj/Air       12%        N/A       9%          2
 Foxfire                  Conj/Fire      16%        2x1d4     12%         1
 Sandblast                Erth           6%         2d5       12%         1
 Call Canine Familiar     Summ           3%         N/A       36%         3
 Conjure Flame            Conj/Fire      4%         6-21      36%         3
 Inner Flame              Hex/Fire       4%         N/A       36%         3
 Portal Projectile        Hex/Tloc       6%         N/A       36%         3
 Stone Arrow              Conj/Erth      6%         3d7       36%         3
 Summon Ice Beast         Ice/Summ       15%        N/A       36%         4
 Summon Lightning Spire   Summ/Air       12%        N/A       47%         4
 Anguish                  Hex/Necr       1%         N/A       77%         4
 Dispel Undead            Necr           3%         3d7       77%         4
 Flame Wave               Conj/Fire      4%         2d5       77%         4
 Leda's Liquefaction      Hex/Erth       1%         N/A       77%         4
 Sticky Flame             Conj/Fire      4%         2d3       77%         4
 Fireball                 Conj/Fire      2%         3d4       98%         5
 Summon Forest            Summ/Tloc      1%         N/A       98%         5
 Summon Mana Viper        Hex/Summ       3%         N/A       98%         5
 Starburst                Conj/Fire      2%         6d3       100%        6
 Summon Cactus Giant      Summ           1%         N/A       100%        6
 Ignition                 Fire           2%         3d3       100%        8
 Maxwell's Capacitive Co  Air            10%        ∞         100%        8


Dungeon Overview and Level Annotations

Branches:
Dungeon (15/15)            Temple (0/1) D:6            Lair (6/6) D:8
 Shoals (0/4) Lair:2        Snake (0/4) Lair:4        Slime (0/5) Lair:5
    Orc (0/2) D:10         Vaults (0/5) D:13         Depths (0/4) D:15
Volcano (visited)         Gauntlet (visited)

Altars:
Ashenzari
Cheibriados
Dithmenos
Qazlal
Trog
Jiyva

Shops:
D:2 ?

Portals:
Trove: D:14 (show abyssal rune of Zot)

Annotations:
D:6 3 runed translucent doors, croobank's ghost, novice OpFi
D:7 2 transporters, Antichthon's ghost, novice OpBr
D:9 Harold
D:11 Sonja
Lair:3 1 runed translucent door
Lair:6 1 runed translucent door


Innate Abilities, Weirdness & Mutations

You sometimes emit foul miasma when damaged in melee.
A meltable icy envelope protects you from harm. (AC +0)
You are completely covered in razor-sharp scales. (AC +3, Slay +3)
A meltable shield of frost defends you. (SH +0)
You have a tail ending in a sharp stinger.


Message History

You hiss as the wereblood boils in your veins!
The guardian serpent completely misses you.
You barely miss the guardian serpent.
The guardian serpent is moderately wounded.
Your shadow hits the guardian serpent.
The guardian serpent completely misses you.
Two slime creatures merge to form a large slime creature.
You hit the guardian serpent but do no damage.
The guardian serpent is heavily wounded.
Your shadow hits the guardian serpent but does no damage.
The guardian serpent completely misses you.
You maul the guardian serpent!!
You feel a bit better.
You kill the guardian serpent!
Dithmenos accepts your kill.
Two slime creatures merge to form a very large slime creature.
The centaur misses you. The centaur completely misses you.
You maul the centaur!!
You feel a bit better.
You kill the centaur!
Dithmenos accepts your kill.
Your transformation has ended.
Your +1 cloak unmelds from your body.
Your +0 helmet unmelds from your body.
Your +2 robe of positive energy unmelds from your body.
You feel more protected from negative energy.
The centaur wields a +0 shortbow.
The centaur shoots an arrow.
The arrow hits you.
The very large slime creature misses you.
An efreet comes into view.
It is wielding a +4 scimitar of flaming.
You howl as the wereblood boils in your veins!
The centaur unwields a +0 shortbow.
The centaur completely misses you. The centaur barely misses you.
The efreet hits you with a +4 scimitar of flaming!
The centaur completely misses you. The centaur closely misses you.
Things that are here:
a +0 shortbow; a centaur corpse You closely miss the centaur.
The very large slime creature hits you!!!
* * * LOW HITPOINT WARNING * * *
You emit a cloud of dark smoke.
The efreet hits you with a +4 scimitar of flaming!!
You die...

#.... #. .# ###.. .. .#
#.. #. .# #.. #. .# #..
###. .# #.. .§○ .# #..
#R###.## #.. #c@J§..# #..
####§#.# ###
#.._..############ #
#J#.####..........
#.#####...# #.#########
#...J.J...# #.# #
##.#####..####.####### #
...#####..#..........###
#......................<..


You could see a very large slime creature, an efreet and a centaur.

Vanquished Creatures
  The ghost of Beilucy the Cruncher, a journeyman FoFi of Gozag (Lair:4)
  A minotaur (Gauntlet)
  A fire dragon (Lair:6)
  A vault guard (D:13)
  4 hydras
  A boulder beetle (D:12)
  An ice dragon (Lair:4)
  Fannar (D:11)
  3 death yaks (Lair:5)
  A death knight (D:14)
  3 centaur warriors
  A two-headed ogre (D:14)
  2 tengu warriors
  A hell knight (Volcano)
  Nergalle (D:11)
  A glowing orange brain (Gauntlet)
  2 lindwurms (Lair:6)
  A deep elf pyromancer (D:13)
  An orc knight (Volcano)
  11 ugly things
  8 cyclopes
  2 manticores
  4 salamanders (Volcano)
  17 elephants
  Maurice (D:13)
  2 merfolk sirens (Lair:2)
  A guardian serpent (shapeshifter) (D:15)
  9 black mambas
  5 torpor snails (Lair:6)
  4 molten gargoyles (Volcano)
  2 gargoyles (Volcano)
  An unseen horror (D:13)
  9 cane toads
  2 kobold demonologists
  17 komodo dragons
  4 efreet
  11 rime drakes
  A minotaur zombie (Gauntlet)
  4 freezing wraiths
  3 tyrant leeches (Lair:6)
  2 trolls (D:14)
  2 polar bears
  2 merfolk (Lair:2)
  7 hornets (Lair:6)
  20 blink frogs
  12 dream sheep
  7 slime creatures
  2 vampires
  3 wraiths
  8 wyverns
  7 shadows
  3 steam dragons
  34 yaks
  8 basilisks
  10 vampire mosquitoes
  A catoblepas simulacrum (Lair:4)
  A warg (D:8)
  2 death yak simulacra (Lair:4)
  A hydra simulacrum (Lair:4)
  5 acid dragons
  24 water moccasins
  2 swamp drakes
  2 black bears (D:5)
  7 orc warriors
  2 ice beasts
  4 sky beasts
  15 wolves
  A black mamba simulacrum (Lair:4)
  10 ogres
  16 centaurs
  2 phantoms (D:5)
  6 kobold brigands
  13 bullfrogs
  A necrophage (D:4)
  A scorpion (D:5)
  7 gnoll sergeants
  15 wights
  14 killer bees
  An elephant simulacrum (Lair:4)
  14 howler monkeys
  7 electric eels
  3 jellies
  10 hounds
  Crazy Yiuf (D:2)
  14 orc priests
  Jessica (D:2)
  2 gnoll shamans
  8 iguanas
  23 orc wizards
  6 hell rats (Lair:5)
  8 adders
  9 gnolls
  A shadow imp (D:6)
  2 white imps (D:5)
  6 ufetubi
  4 dart slugs
  55 orcs
  4 bats
  13 endoplasms
  2 giant cockroaches
  6 goblins
  10 hobgoblins
  4 jackals (D:2)
  33 kobolds
  4 quokkas
  12 ball pythons
  4 frilled lizards
  7 rats
699 creatures vanquished.

Vanquished Creatures (collateral kills)
  A swamp dragon (Lair:6)
1 creature vanquished.

Vanquished Creatures (others)
  A molten gargoyle (Volcano)
  An unseen horror (D:11)
  A demonic plant (Gauntlet)
  41 fungi
  65 plants
  4 withered plants (Gauntlet)
113 creatures vanquished.

Grand Total: 813 creatures vanquished

Notes
Turn   | Place    | Note
-------+----------+-------------------------------------------
     0 | D:1      | freelancePsychic the Demonspawn Transmuter began the quest
                  | for the Orb.
     0 | D:1      | Reached XP level 1. HP: 15/15 MP: 3/3
   355 | D:1      | Gained mutation: You have a small tail. [demonic ancestry]
   355 | D:1      | Reached XP level 2. HP: 20/21 MP: 3/5
   366 | D:1      | Reached skill level 1 in Poison Magic
  1000 | D:1      | Reached XP level 3. HP: 26/26 MP: 4/6
  1443 | D:1      | Learned a level 3 spell: Spider Form
  1459 | D:2      | Found a shadowy altar of Dithmenos.
  1467 | D:2      | Became a worshipper of Dithmenos the Shadowed
  1627 | D:2      | Found Deegukk's Magic Scroll Shop.
  1663 | D:2      | Bought a scroll of fear for 49 gold pieces
  1663 | D:2      | Bought a scroll of teleportation for 42 gold pieces
  2214 | D:2      | Gained mutation: A meltable shield of frost defends you.
                  | (SH +0) [demonic ancestry]
  2214 | D:2      | Reached XP level 4. HP: 16/33 MP: 7/7
  2513 | D:2      | Found a faded altar of an unknown god.
  2611 | D:2      | Found a runed translucent door.
  2612 | D:2      | Noticed Crazy Yiuf
  2708 | D:2      | Noticed Jessica
  2726 | D:2      | Killed Jessica
  3077 | D:2      | Killed Crazy Yiuf
  3151 | D:3      | Reached XP level 5. HP: 36/38 MP: 8/8
  3157 | D:3      | Identified the +9 dagger "Nael" {vorpal, Int+4 Dex+2}
  3230 | D:3      | Reached * piety under Dithmenos
  4051 | D:4      | Reached skill level 3 in Unarmed Combat
  4166 | D:4      | Reached XP level 6. HP: 46/46 MP: 9/9
  4579 | D:4      | Reached skill level 4 in Unarmed Combat
  4863 | D:4      | Gained mutation: You are partially covered in razor-sharp
                  | scales. (AC +1, Slay +1) [demonic ancestry]
  4863 | D:4      | Reached XP level 7. HP: 40/52 MP: 10/10
  5128 | D:4      | Found a bloodstained altar of Trog.
  5368 | D:5      | Entered Level 5 of the Dungeon
  5395 | D:5      | Reached skill level 5 in Unarmed Combat
  5571 | D:4      | Reached ** piety under Dithmenos
  5745 | D:5      | Gained mutation: You have a tail ending in a sharp stinger.
                  | [demonic ancestry]
  5745 | D:5      | Reached XP level 8. HP: 61/61 MP: 11/11
  5870 | D:5      | Reached skill level 5 in Fighting
  6170 | D:5      | Reached skill level 5 in Dodging
  6509 | D:5      | Identified the +5 fire dragon scales of Muttered Phrases
                  | {+Inv rElec rF++ rC- Dex+5}
  6782 | D:5      | Reached skill level 1 in Ice Magic
  6874 | D:5      | Learned a level 4 spell: Ice Form
  7103 | D:6      | Gained mutation: You may rarely emit foul miasma when
                  | damaged in melee. [demonic ancestry]
  7103 | D:6      | Reached XP level 9. HP: 66/69 MP: 13/13
  7314 | D:6      | Found a runed translucent gate.
  7314 | D:6      | Found a runed translucent gate.
  7314 | D:6      | Found a runed translucent gate.
  7315 | D:6      | Noticed croobank's ghost (novice OpFi)
  7316 | D:6      | Noticed a kobold demonologist
  7373 | D:6      | Found a staircase to the Ecumenical Temple.
  8085 | D:7      | Found a transporter.
  8085 | D:7      | Found a transporter.
  8311 | D:7      | Identified the +4 spear of Zamn {venom, Int+3}
  8311 | D:7      | Identified the +2 ring mail of Ru, Usurping {+Inv rC+++
                  | Stlth-}
  8311 | D:7      | Identified the +0 kite shield of Ymocosm {rElec rN+}
  8471 | D:7      | Reached skill level 5 in Ice Magic
  8614 | D:7      | Reached skill level 5 in Transmutations
  8632 | D:7      | Reached *** piety under Dithmenos
  8881 | D:7      | Learned a level 3 spell: Frozen Ramparts
  9041 | D:7      | Identified the ring "Peive" {Ice rN+ Str+2}
  9046 | D:7      | Noticed Antichthon's ghost (novice OpBr)
  9863 | D:8      | Reached skill level 6 in Unarmed Combat
  9863 | D:8      | Reached XP level 10. HP: 36/77 MP: 2/14
 10724 | D:8      | Reached skill level 1 in Stealth
 10724 | D:8      | Reached skill level 7 in Unarmed Combat
 10864 | D:8      | Reached **** piety under Dithmenos
 12239 | D:8      | Reached skill level 8 in Unarmed Combat
 12268 | D:8      | Reached ***** piety under Dithmenos
 12479 | D:8      | Gained mutation: A meltable icy envelope protects you from
                  | harm. (AC +0) [demonic ancestry]
 12479 | D:8      | Reached XP level 11. HP: 86/86 MP: 9/15
 12638 | D:8      | Found a staircase to the Lair.
 14023 | D:9      | Noticed Harold
 14052 | D:10     | Entered Level 10 of the Dungeon
 14186 | D:10     | Reached skill level 9 in Unarmed Combat
 14913 | D:10     | Found a staircase to the Orcish Mines.
 15019 | D:10     | Identified the +5 dagger of Nemelex Xobeh's Anger {speed,
                  | rN++ Dex-3}
 15163 | D:10     | Found a shadowy altar of Dithmenos.
 15250 | D:11     | Noticed Fannar
 15285 | D:11     | Killed Fannar
 15454 | D:11     | Reached skill level 5 in Stealth
 15671 | D:11     | Noticed Sonja
 15690 | D:11     | Noticed Nergalle
 15699 | D:11     | Killed Nergalle
 15880 | D:11     | Found a snail-covered altar of Cheibriados.
 16103 | D:11     | Noticed a green ugly thing
 16117 | D:11     | Killed a green ugly thing
 16118 | D:11     | Reached skill level 10 in Unarmed Combat
 16556 | Lair:1   | Entered Level 1 of the Lair of Beasts
 16607 | Lair:1   | Gained mutation: You are mostly covered in razor-sharp
                  | scales. (AC +2, Slay +2) [demonic ancestry]
 16607 | Lair:1   | Reached XP level 12. HP: 95/95 MP: 16/16
 16863 | Lair:1   | Reached skill level 1 in Invocations
 18604 | Lair:2   | Found a staircase to the Shoals.
 19399 | Lair:3   | Reached skill level 11 in Unarmed Combat
 19451 | Lair:3   | Found a dark tunnel.
 19456 | Volcano  | Entered a volcano
 20112 | Volcano  | Reached skill level 5 in Invocations
 20132 | Volcano  | HP: 3/97 [molten gargoyle/bolt of magma (11)]
 20901 | Volcano  | Reached skill level 10 in Fighting
 21027 | Volcano  | Gained mutation: You sometimes emit foul miasma when
                  | damaged in melee. [demonic ancestry]
 21027 | Volcano  | Reached XP level 13. HP: 71/103 MP: 17/17
 21164 | Volcano  | Noticed an orb of fire
 21486 | Volcano  | Noticed an orb of fire
 22431 | Lair:3   | Reached ****** piety under Dithmenos
 22656 | Lair:3   | Found a runed translucent door.
 22930 | Lair:4   | Identified a scroll of acquirement
 22931 | Lair:4   | Acquired the ring of Ozewamp {*Slow rElec rC++ EV+4 Stlth+}
 23119 | Lair:4   | Reached skill level 12 in Unarmed Combat
 23143 | Lair:4   | Found a runed translucent gate.
 23143 | Lair:4   | Found a runed translucent gate.
 23144 | Lair:4   | Found a runed translucent gate.
 23184 | Lair:4   | Reached skill level 10 in Dodging
 23483 | Lair:4   | Noticed Beilucy's ghost (journeyman FoFi)
 23503 | Lair:4   | Found a staircase to the Snake Pit.
 25112 | Lair:5   | Learned a level 2 spell: Wereblood
 25216 | Lair:5   | Found a runed translucent door.
 25225 | Lair:5   | Gained mutation: You are completely covered in razor-sharp
                  | scales. (AC +3, Slay +3) [demonic ancestry]
 25225 | Lair:5   | Reached XP level 14. HP: 113/113 MP: 16/20
 25265 | Lair:5   | Reached skill level 13 in Unarmed Combat
 25663 | Lair:5   | Found a viscous altar of Jiyva.
 26101 | Lair:5   | Found a staircase to the Slime Pits.
 26157 | Lair:6   | Entered Level 6 of the Lair of Beasts
 27071 | Lair:6   | Found a runed translucent door.
 27543 | Lair:6   | Paralysed by a hornet for 1 turns
 27796 | Lair:6   | Identified the amulet of Qevy {RegenMP Int+2 Dex+3}
 28028 | Lair:6   | Reached skill level 10 in Invocations
 28149 | Lair:6   | Reached skill level 14 in Unarmed Combat
 29015 | Lair:4   | Killed Beilucy's ghost
 29043 | Lair:4   | Reached skill level 1 in Armour
 29046 | Lair:4   | Got the ring of Nukhlydyc {Fire rCorr Str+6}
 30511 | D:13     | Noticed Maurice
 30532 | D:13     | Killed Maurice
 30877 | D:13     | Reached XP level 15. HP: 121/121 MP: 22/22
 31469 | D:13     | Found a gate to the Vaults.
 31737 | D:14     | Found a gate leading to a gauntlet.
 31746 | Gauntlet | Entered a Gauntlet
 31746 | Gauntlet | Found a transporter.
 31753 | Gauntlet | Found a runed translucent door.
 31755 | Gauntlet | Found a transporter.
 31757 | Gauntlet | Found a runed translucent door.
 31767 | Gauntlet | Found a transporter.
 31771 | Gauntlet | Found a transporter.
 31781 | Gauntlet | Found a transporter.
 31801 | Gauntlet | Found a transporter.
 31814 | Gauntlet | Found a transporter.
 31834 | Gauntlet | Found a transporter.
 31838 | Gauntlet | Found a transporter.
 31846 | Gauntlet | Found a transporter.
 31901 | Gauntlet | Reached skill level 1 in Air Magic
 31923 | Gauntlet | Learned a level 7 spell: Storm Form
 31934 | Gauntlet | Identified the +10 war axe "Keb Jig" {antimagic, rC- Will+
                  | Dex+4 SInv}
 31949 | Gauntlet | Identified the +3 chain mail of Geraig {Contam rN++ Str-5
                  | Int+3}
 31949 | Gauntlet | Identified the +3 hunting sling "Hydrabane" {venom, rCorr
                  | Int+3 Dex+4 SInv}
 33641 | D:14     | Found a stormy altar of Qazlal.
 33838 | D:14     | Found a portal to a secret trove of treasure.
 34029 | D:15     | Entered Level 15 of the Dungeon
 34179 | D:15     | Noticed a fire giant
 34207 | D:15     | Found a staircase to the Depths.
 34242 | D:15     | Found a broken altar of Ashenzari.
 34286 | D:15     | Demolished by an efreet

Illustrated notes

Levels and vault maps discovered:
D:1:      tarquinn_simple_flora_water_b, layout_basic, st_stairs_3,
          minmay_bisected
D:2:      layout_loops_ring, serial_shops, nicolae_shop_advertising_works
          [nicolae_subvault_shop_adworks], basic_altar,
          hellmonk_ecumenical_altar_crossroads, roderic_roman_lattice,
          hex_medium, minmay_pentomino_z2, uniq_crazy_yiuf_cottage, uniq_jessica
D:3:      layout_loops_ring, nicolae_concentric_dashed_squares_mild,
          hangedman_glass_teeth
D:4:      layout_rooms, trog_three_pillars_becter
D:5:      kennysheep_windowed_halls, layout_basic
D:6:      layout_basic, minmay_temple_entry_stoned_glass,
          gammafunk_ghost_nasty_kobolds
D:7:      layout_cave_pools, gammafunk_ghost_gnarly_gnolls
D:8:      lemuel_castle_with_subvaults [lemuel_castle_interior_carwin_3],
          layout_basic, erik_lair_dragon, nrook_mini_backslash,
          minmay_crossroads
D:9:      layout_roguey, uniq_harold
D:10:     layout_roguey, lemuel_tele_altar, erik_orc_4
D:11:     layout_cave_pods, hangedman_decor_slide_cut, kennysheep_slug_shrine,
          uniq_nergalle, uniq_sonja, uniq_fannar
D:12:     layout_cave_pools
D:13:     layout_loops_ring, david_vaults_5, uniq_maurice
D:14:     layout_loops_ring, nicolae_qazlal_eye_of_the_storm, enter_trove_5,
          gauntlet_entry_generic
D:15:     grunt_enter_depths_giant_problem, layout_loops_ring,
          ashenzari_altar_1, serial_shops, shop_fountains, minmay_hedge_maze,
          minmay_between
Lair:1:   statuecave_lemuel, layout_layer_cave, lemuel_fruit_fields
Lair:2:   layout_regular_city, elwin_shoals_entry_stream,
          infiniplex_staircase_pool, serial_bayou_shore_a
Lair:3:   gammafunk_mikee_crab_dinner, layout_cave_pods,
          nicolae_volcano_entry_s_turn
Lair:4:   layout_loops_ring, minmay_snake_entry_six_corridors,
          gammafunk_ghost_icy
Lair:5:   layout_layer_cave, slime_altar_2
Lair:6:   wormcave, layout_misc_corridors, guppyfry_lair_end_dragon

Skill      XL: |  1  2  3  4  5  6  7  8  9 10 11 12 13 14 15 |
---------------+----------------------------------------------+-----
Transmutations | 2 3 5 7 |  7.0
Poison Magic   | 1 2 |  2.9
Fighting       | 2 3 4 6 7 9 10 11 12 | 12.4
Dodging        | 2 3 4 6 7 8 9 10 11 | 11.2
Unarmed Combat | 3 4 5 6 8 10 11 12 14 | 14.6
Ice Magic      | 2 5 |  5.5
Spellcasting   | 3 |  3.0
Stealth        | 3 5 7 8 |  8.2
Invocations    | 5 8 10 | 10.0
Armour         | 2 |  2.7
Air Magic      | 4 |  4.1

Action                   |  1- 3 |  4- 6 |  7- 9 | 10-12 | 13-15 || total
-------------------------+-------+-------+-------+-------+-------++-------
Melee: Unarmed           |   123 |   114 |   359 |   749 |  1112 ||  2457
       Kick              |    13 |       |       |    23 |       ||    36
       Headbutt          |    12 |       |       |    14 |       ||    26
       Tailslap          |     8 |     3 |     4 |    29 |    75 ||   119
       Dagger            |       |    22 |    23 |    59 |       ||   104
       Punch             |       |     1 |     2 |     5 |    44 ||    52
 Cast: Beastly Appendage |    15 |       |       |     3 |       ||    18
       Spider Form       |     1 |    15 |    38 |    64 |    43 ||   161
       Ice Form          |       |       |     4 |    20 |    35 ||    59
       Frozen Ramparts   |       |       |     2 |    24 |    26 ||    52
       Wereblood         |       |       |       |       |    16 ||    16
 Abil: End Transformatio |       |     1 |       |     2 |     1 ||     4
Evoke: Wand              |       |       |     6 |    15 |     5 ||    26
  Use: Scroll            |     7 |     2 |     5 |    10 |    13 ||    37
       Potion            |     3 |       |     3 |     3 |     5 ||    14
 Stab: Sleeping          |     2 |     3 |     3 |    12 |    17 ||    37
       Distracted        |       |       |       |     1 |     6 ||     7
Armor: Robe              |    16 |     4 |     8 |    40 |    14 ||    82
       Skin              |     7 |     2 |    23 |   116 |   118 ||   266
       Fire dragon scale |       |       |       |    19 |   157 ||   176
Dodge: Dodged            |    68 |    97 |   431 |   645 |  1075 ||  2316
Block: Other             |       |    11 |    65 |   133 |   143 ||   352

Table legend: (Time is in decaauts)
 A = Elapsed time spent in this place.
 B = Non-inter-level travel time spent in this place.
 C = Inter-level travel time spent in this place.
 D = Time resting spent in this place.
 E = Time spent auto-exploring this place.
 F = Levels seen in this place.
 G = Mean time per level.
                   A        B        C        D        E       F      G
               +--------+--------+--------+--------+--------+-----+--------+
         Total |  33972 |  32863 |   1109 |   2240 |  24712 |  23 | 1477.0 |
       Dungeon |  21159 |  20361 |    798 |   1904 |  14674 |  15 | 1410.6 |
          Lair |  10495 |  10185 |    310 |     37 |   8458 |   6 | 1749.2 |
       Volcano |   2080 |   2080 |      0 |    299 |   1461 |   1 | 2080.0 |
      Gauntlet |    237 |    237 |      0 |      0 |    118 |   1 |  237.0 |
               +--------+--------+--------+--------+--------+-----+--------+

Top non-repeatable levels by time:
     D:8: 2824 daAuts
  Lair:6: 2738 daAuts
 Volcano: 2080 daAuts
    D:13: 2071 daAuts
  Lair:4: 1852 daAuts
     D:7: 1794 daAuts
     D:2: 1679 daAuts
  Lair:5: 1604 daAuts
     D:4: 1587 daAuts
     D:6: 1482 daAuts
  Lair:1: 1464 daAuts
  Lair:3: 1449 daAuts
     D:1: 1448 daAuts
  Lair:2: 1385 daAuts
     D:9: 1380 daAuts
